 Dungeon Crawl Stone Soup version 0.21.1-1-g345015fe64 (webtiles) character file.

202480 Jens78 the Peltast (level 18, -1/149 HPs)
             Began as a Deep Dwarf Fighter on June 14, 2018.
             Was the Champion of Makhleb.
             Shot with an arrow by a deep elf master archer (23 damage)
             ... on level 3 of the Elven Halls on June 15, 2018.
             The game lasted 06:26:02 (29078 turns).

Jens78 the Peltast (Deep Dwarf Fighter)            Turns: 29078, Time: 06:26:06

Health: -1/149     AC: 25    Str: 32 (34) XL:     18   Next: 33%
Magic:  6/6        EV:  8    Int:  9      God:    Makhleb [******]
Gold:   1706       SH: 17    Dex: 14 (16) Spells: 18/21 levels left

rFire    + . .     SeeInvis +   a - +4 broad axe "Gomepes" {chop, rC+ Str+4 Dex+6}
rCold    + + .     Gourm    .   B - +1 shield of Leaf {-Cast +Inv Slay+3}
rNeg     + . .     Faith    +   A - +1 plate armour {rF+}
rPois    .         Spirit   .   N - +2 helmet
rElec    +         Reflect  .   Y - +0 cloak
rCorr    .         Harm     .   z - +0 pair of gloves
MR       ++...     Rnd*Rage +   (no boots) Stlth ..........NoCast +
                                F - amulet of faith
HPRegen  0.00/turn              v - ring of see invisible
MPRegen  0.10/turn              U - ring "Osafithry" {rElec rC+ Str+4}

@: berserk cooldown, non-regenerating, slowed, very slow
A: damage resistance, heal wounds, berserk 1, clumsy 1, deterioration 2, frail
1, low mp 1, negative energy resistance 1, sense surroundings 3, weak 1,
MP-powered wands, no regeneration
a: Heal Wounds, Minor Destruction, Lesser Servant of Makhleb, Major Destruction,
Greater Servant of Makhleb, Renounce Religion, Evoke Invisibility


You were on level 3 of the Elven Halls.
You worshipped Makhleb.
Makhleb was exalted by your worship.
You were not hungry.

You visited 7 branches of the dungeon, and saw 31 of its levels.
You visited the Abyss 1 time.
You also visited: Ice Cave.

You collected 3043 gold pieces.
You spent 1337 gold pieces at shops.

Inventory:

Hand Weapons
 a - the +4 broad axe "Gomepes" (weapon) {chop, rC+ Str+4 Dex+6}
   (You bought it in a shop on level 2 of the Orcish Mines)

   It inflicts extra damage upon your enemies.
   It affects your strength (+4).
   It affects your dexterity (+6).
   It protects you from cold.
 b - the +1 hand axe of Honesty {freeze, Str+4 Dex+2}
   (You bought it in a shop on level 4 of the Dungeon)

   It has been specially enchanted to freeze those struck by it, causing extra
   injury to most foes and up to half again as much damage against particularly
   susceptible opponents.
   It can also slow down cold-blooded creatures.
   It affects your strength (+4).
   It affects your dexterity (+2).
 c - a +0 eveningstar
 d - a +6 whip of venom
Armour
 w - a +0 ring mail of magic resistance
 z - a +0 pair of gloves (worn)
 A - a +1 plate armour of fire resistance (worn)
 B - the +1 shield of Leaf (worn) {-Cast +Inv Slay+3}
   (You found it on level 2 of the Elven Halls)

   It affects your accuracy and damage with ranged weapons and melee attacks
   (+3).
   It lets you turn invisible.
   It prevents spellcasting.
 C - a +1 large shield of reflection
 L - +0 acid dragon scales
 N - a +2 helmet (worn)
 T - +0 steam dragon scales
 X - a +2 ring mail of poison resistance
 Y - a +0 cloak (worn)
Jewellery
 i - an uncursed ring of poison resistance
 j - an uncursed ring of protection from cold
 v - a ring of see invisible (left hand)
 y - an uncursed ring of protection from fire
 F - an amulet of faith (around neck)
 J - an uncursed ring of magical power
 U - the ring "Osafithry" (right hand) {rElec rC+ Str+4}
   (You bought it in a shop on level 2 of the Orcish Mines)

   [ring of protection from cold]

   It affects your strength (+4).
   It protects you from cold.
   It insulates you from electricity.
 W - an uncursed ring of poison resistance
Wands
 g - a wand of iceblast (29)
 o - a wand of digging (13)
 t - a wand of disintegration (5)
 D - a wand of clouds (6)
 G - a wand of acid (10)
Scrolls
 e - 3 scrolls of identify
 m - a scroll of magic mapping
 n - 12 scrolls of teleportation
 p - 2 scrolls of blinking
 q - 5 scrolls of enchant weapon
 r - 2 scrolls of fear
 u - 12 scrolls of remove curse
Potions
 h - 5 potions of curing
 k - a potion of cancellation
 l - 5 potions of agility
 s - 6 potions of haste
 x - 2 potions of berserk rage
 I - 2 potions of heal wounds
 K - a potion of flight
 P - a potion of ambrosia
 S - 2 potions of might
Books
 H - a book of Cantrips

   Spells                             Type                      Level
   a - Confusing Touch                Hexes                        1
   b - Animate Skeleton               Necromancy                   1
   c - Summon Small Mammal            Summoning                    1
   d - Apportation                    Translocation                1
 M - a book of the Sky

   Spells                             Type                      Level
   a - Summon Lightning Spire         Summoning/Air                4
   b - Silence                        Hexes/Air                    5
   c - Deflect Missiles               Charms/Air                   6
   d - Conjure Ball Lightning         Conjuration/Air              6
   e - Tornado                        Air                          9
 O - a book of Frost

   Spells                             Type                      Level
   a - Freeze                         Ice                          1
   b - Throw Frost                    Conjuration/Ice              2
   c - Ozocubu's Armour               Charms/Ice                   3
   d - Throw Icicle                   Conjuration/Ice              4
   e - Summon Ice Beast               Ice/Summoning                4
 Q - a book of Flames

   Spells                             Type                      Level
   a - Flame Tongue                   Conjuration/Fire             1
   b - Throw Flame                    Conjuration/Fire             2
   c - Conjure Flame                  Conjuration/Fire             3
   d - Inner Flame                    Hexes/Fire                   3
   e - Sticky Flame                   Conjuration/Fire             4
   f - Fireball                       Conjuration/Fire             5
 R - a book of Alchemy

   Spells                             Type                      Level
   a - Sublimation of Blood           Necromancy                   2
   b - Ignite Poison                  Fire/Transmutation/Poison    3
   c - Petrify                        Transmutation/Earth          4
   d - Alistair's Intoxication        Transmutation/Poison         5
   e - Irradiate                      Conjuration/Transmutation    5
 V - a book of Conjurations

   Spells                             Type                      Level
   a - Magic Dart                     Conjuration                  1
   b - Searing Ray                    Conjuration                  2
   c - Dazzling Spray                 Conjuration/Hexes            3
   d - Fulminant Prism                Conjuration/Hexes            4
   e - Force Lance                    Conjuration/Translocation    4
   f - Iskenderun's Mystic Blast      Conjuration                  4
 Z - a book of Minor Magic

   Spells                             Type                      Level
   a - Magic Dart                     Conjuration                  1
   b - Blink                          Translocation                2
   c - Call Imp                       Summoning                    2
   d - Slow                           Hexes                        2
   e - Conjure Flame                  Conjuration/Fire             3
   f - Mephitic Cloud                 Conjuration/Poison/Air       3
Comestibles
 f - 41 rations
 E - 7 chunks of flesh


   Skills:
 + Level 11.7 Fighting
 - Level 17.6(18.0) Axes
 - Level 5.8(12.3) Maces & Flails
   Level 0.9(10.2) Polearms
 + Level 16.1 Armour
 - Level 18.0 Shields
 - Level 2.0 Spellcasting
 - Level 10.0 Translocations
 * Level 11.8 Invocations
 - Level 5.0 Evocations


You had 18 spell levels left.
You knew the following spells:

 Your Spells              Type           Power        Failure   Level  Hunger
a - Blink                 Tloc           N/A          3%          2    ###....
b - Apportation           Tloc           ###...       2%          1    ##.....


Dungeon Overview and Level Annotations

Branches:
Dungeon (15/15)            Temple (1/1) D:6            Lair (6/6) D:11
  Swamp (0/4) Lair:2        Snake (1/4) Lair:3        Slime (3/5) Lair:6
    Orc (2/2) D:12            Elf (3/3) Orc:2        Vaults (0/5) D:14
 Depths: D:15

Altars:
Ashenzari
Cheibriados
Dithmenos
Elyvilon
Fedhas
Gozag
Hepliaklqana
Kikubaaqudgha
Makhleb
Nemelex Xobeh
Okawaru
Qazlal
Ru
Sif Muna
Trog
Uskayaw
Vehumet
Wu Jian
Xom
Yredelemnul
Zin
The Shining One
Beogh

Shops:
D:4 (   D:9 (   Orc:1 *   Orc:2 =[(*   Elf:3 :

Portals:
Trove: Elf:2 (give +6 demon trident)

Annotations:
D:11 exclusion: ice statue
Elf:2 1 runed door


Innate Abilities, Weirdness & Mutations

You are resistant to damage.
You can heal yourself by infusing magical energy.
You resist negative energy. (rN+)
You passively map a large area around you.
You do not regenerate.
You tend to lose your temper in combat.
You are clumsy. (Dex -2)
Your body often deteriorates upon taking damage.
You are frail. (-10% HP)
Your magical capacity is low. (-10% MP)
You are weak. (Str -2)
You expend magic power (3 MP) to strengthen your wands.


Message History

Your body deteriorates!
You feel clumsy.
The deep elf elementalist prays for help.
The deep elf annihilator hits you but does no damage.
The deep elf master archer shoots an arrow.
The arrow hits you!!
* * * LOW HITPOINT WARNING * * *
Your body deteriorates!
You feel clumsy.
You feel much better.
You block the deep elf sorcerer's attack.
The deep elf sorcerer casts a spell at you.
You resist with almost no effort.
The deep elf master archer shoots an arrow.
The arrow hits you!
* * * LOW HITPOINT WARNING * * *
You block the earth elemental's attack. x2
The deep elf death mage beckons forth a restless soul!
The deep elf annihilator hits you but does no damage.
The deep elf master archer shoots an arrow.
The arrow hits you!!
You die...

'.........##
###........)##
#.........#.#
###...........#
#.........##.#
#....).......##
'##.....###
#.###))))...[...#
#####.###
#.##..)ee).#####
# ### #.)(......#
##.(..##### #
#Eee*.# # #E@E..#
# * ##e#e## * # *
* #E#.# , # ,
#E#.# #E#e# * , *
, , ###e# , ,, ,
* #e# *,* * ,
#....eee....# * ,
, ##....e....## ,
,


You could see a deep elf master archer, 2 deep elf annihilators, a deep elf
death mage, a deep elf sorcerer, a deep elf elementalist (fleeing), 6 earth
elementals and a lost soul.

Vanquished Creatures
  Saint Roka (Elf:3)
  Nikola (Elf:1)
  A bone dragon (Abyss:2)
  Jorgrun (Elf:3)
  3 deep elf blademasters
  A lich (Abyss:2)
  A deep elf master archer (Elf:3)
  9 tentacled starspawn (Abyss:2)
  A draconian knight (Abyss:2)
  5 deep elf sorcerers
  An azure jelly (Lair:6)
  Louise (Elf:1)
  A ghost moth (Abyss:2)
  3 deep elf elementalists (Elf:3)
  An orc warlord (Orc:1)
  A very ugly thing (Abyss:2)
  5 deep elf demonologists
  2 deep elf annihilators (Elf:3)
  A lorocyproca (Abyss:2)
  4 deep elf death magi
  A crystal guardian (Abyss:2)
  A death ooze (Slime:1)
  2 great orbs of eyes (Abyss:2)
  2 naga warriors
  10 hydras
  2 vault guards (D:14)
  A rakshasa (Abyss:2)
  A catoblepas (D:11)
  An anaconda (Snake:1)
  2 centaur warriors
  4 death yaks (Lair:6)
  21 dancing weapons
  6 two-headed ogres
  3 hell hogs (Abyss:2)
  Urug (Lair:3)
  A thrashing horror (Abyss:2)
  2 naga sharpshooters (Snake:1)
  An orc high priest (Orc:2)
  14 deep elf knights
  4 wretched stars (Abyss:2)
  2 unseen horrors
  A wizard (D:14)
  9 deep elf archers
  A glowing orange brain (Abyss:2)
  8 large abominations (Abyss:2)
  3 orc knights
  3 cyclopes
  A phantasmal warrior (Abyss:2)
  An oklob plant (Lair:4)
  49 deep elf magi
  4 orc sorcerers
  A shining eye (Slime:1)
  5 ugly things
  A salamander (Abyss:2)
  A worldbinder (Abyss:2)
  5 elephants
  5 black mambas
  An ice statue (IceCv)
  An apocalypse crab (Abyss:2)
  A guardian serpent (Abyss:2)
  2 orange demons (Abyss:2)
  A naga mage (Snake:1)
  2 gargoyles (D:13)
  2 eyes of devastation (Slime:1)
  7 spiny frogs
  4 rime drakes
  The ghost of olverbman the Ruffian, a novice DrTm (D:4)
  5 smoke demons (Abyss:2)
  4 komodo dragons
  A yaktaur (shapeshifter) (Abyss:2)
  A kobold demonologist (D:14)
  10 freezing wraiths (IceCv)
  3 ancient zymes (Abyss:2)
  A meliai (shapeshifter) (Elf:3)
  4 trolls
  6 polar bears
  A wolf spider simulacrum (IceCv)
  15 blink frogs
  4 hornets (Lair:6)
  39 slime creatures
  3 hippogriffs
  Prince Ribbit (D:8)
  17 raiju (Abyss:2)
  7 dream sheep (Lair:6)
  2 meliai zombies
  A fire dragon zombie (Abyss:2)
  5 air elementals
  4 wraiths
  6 water elementals
  26 yaks
  2 wyverns
  6 flying skulls (Abyss:2)
  A redback (shapeshifter) (D:12)
  14 spriggans
  A shadow (D:12)
  An ettin skeleton (Abyss:2)
  12 starcursed masses (Abyss:2)
  4 fire bats (D:13)
  A basilisk (Lair:1)
  20 humans (D:14)
  4 hungry ghosts
  A steam dragon (D:12)
  2 fire elementals (Elf:2)
  4 neqoxecs (Abyss:2)
  11 small abominations
  Menkaure (D:7)
  11 vampire mosquitoes
  2 wargs
  3 insubstantial wisps (Abyss:2)
  2 acid dragons (D:11)
  A hell hound (D:13)
  2 nagas (Snake:1)
  13 water moccasins
  6 sky beasts
  5 black bears
  2 necrophages
  2 eyes of draining
  10 ice beasts
  32 orc warriors
  2 phantoms
  11 ogres
  21 wolves
  5 boggarts (Lair:6)
  17 centaurs
  13 crocodiles
  4 big kobolds
  21 bullfrogs
  3 earth elementals
  4 scorpions
  An elephant simulacrum (IceCv)
  14 killer bees
  7 howler monkeys
  An electric eel (D:13)
  2 lava snakes (D:13)
  7 crimson imps
  2 draconian simulacra (IceCv)
  A quasit (D:13)
  5 centaur skeletons
  7 hounds
  9 jellies
  2 bullfrog zombies
  21 orc wizards
  4 centaur zombies
  11 orc priests
  6 bullfrog skeletons
  An iron imp (Abyss:2)
  7 iguanas
  A polar bear simulacrum (IceCv)
  4 troll simulacra (IceCv)
  10 worker ants
  5 hell rats (Lair:6)
  A spriggan simulacrum (IceCv)
  A wolf simulacrum (IceCv)
  4 centaur simulacra (IceCv)
  A hound skeleton (D:11)
  A worker ant zombie (D:9)
  4 gnolls (D:7)
  3 naga simulacra (IceCv)
  25 adders
  An ogre simulacrum (IceCv)
  4 shadow imps
  14 white imps
  3 ufetubi (Abyss:2)
  An adder zombie (D:6)
  4 dart slugs
  2 worms
  6 leopard geckos
  85 orcs
  3 giant cockroaches
  12 hobgoblins
  10 jackals
  6 quokkas
  3 ball pythons
  9 bats
  9 frilled lizards
  4 goblins
  22 kobolds
  A leopard gecko zombie (D:5)
  A quokka skeleton (D:4)
  A quokka zombie (D:8)
  26 rats
  2 crawling corpses (Elf:3)
  A fungus (Lair:2)
  11 plants
  10 starspawn tentacles (Abyss:2)
1108 creatures vanquished.

Vanquished Creatures (collateral kills)
  A hydra (Lair:3)
  A necromancer (IceCv)
  An orc knight (Orc:2)
  A komodo dragon (Lair:2)
  A basilisk (Lair:2)
  A naga (Snake:1)
  A porcupine (Lair:2)
  2 orc warriors (Orc:2)
  An ogre (Orc:2)
  A draconian simulacrum (IceCv)
  An orc priest (Orc:2)
  An orc wizard (Orc:2)
  A spriggan simulacrum (IceCv)
  3 ogre simulacra (IceCv)
  An orc (Orc:2)
  A fungus (Lair:2)
19 creatures vanquished.

Vanquished Creatures (others)
  A deep elf knight (Elf:2)
  An unseen horror (shapeshifter) (Elf:2)
  2 deep elf archers (Elf:2)
  A deep elf mage (Elf:2)
  A cyclops (D:12)
  2 small abominations (Abyss:2)
  2 centaurs (Lair:5)
  A killer bee (D:12)
  An orc wizard (Elf:3)
  A worker ant zombie (D:11)
  A white imp (Abyss:2)
  6 orcs
  A fire vortex (D:13)
  14 fungi
  34 plants
  21 starspawn tentacles (Abyss:2)
90 creatures vanquished.

Grand Total: 1217 creatures vanquished

Notes
Turn   | Place    | Note
-------+----------+-------------------------------------------
     0 | D:1      | Jens78 the Deep Dwarf Fighter began the quest for the Orb.
     0 | D:1      | Reached XP level 1. HP: 20/20 MP: 1/1
   153 | D:1      | Reached XP level 2. HP: 22/27 MP: 2/2
   669 | D:1      | Reached XP level 3. HP: 24/33 MP: 3/3
  1236 | D:2      | Reached XP level 4. HP: 13/42 MP: 4/4
  1267 | D:2      | Noticed a necrophage
  1275 | D:2      | Killed a necrophage
  1275 | D:2      | Reached XP level 5. HP: 6/47 MP: 5/5
  1530 | D:4      | Found Gyckuz's Weapon Boutique.
  1618 | D:2      | Reached skill level 5 in Axes
  2014 | D:3      | Reached skill level 4 in Shields
  2089 | D:4      | Noticed olverbman's ghost (novice DrTm)
  2135 | D:4      | Found an ancient bone altar of Kikubaaqudgha.
  2135 | D:4      | Found a sacrificial altar of Ru.
  2379 | D:3      | Reached XP level 6. HP: 33/56 MP: 5/5
  2767 | D:3      | Found a radiant altar of Vehumet.
  3109 | D:5      | Entered Level 5 of the Dungeon
  3492 | D:5      | Reached XP level 7. HP: 17/62 MP: 6/6
  3511 | D:5      | Got a slimy hunting sling
  3907 | D:6      | Found a blossoming altar of Fedhas.
  4237 | D:6      | Reached XP level 8. HP: 67/72 MP: 6/6
  4297 | D:6      | Reached skill level 5 in Shields
  4417 | D:6      | Reached skill level 5 in Armour
  4678 | D:6      | Found a shadowy altar of Dithmenos.
  4700 | D:6      | Found a staircase to the Ecumenical Temple.
  4710 | Temple   | Entered the Ecumenical Temple
  4806 | Temple   | Became a worshipper of Makhleb the Destroyer
  5034 | D:7      | Noticed a hippogriff
  5039 | D:7      | Killed a hippogriff
  5090 | D:7      | Reached skill level 10 in Axes
  5220 | D:7      | Noticed Menkaure
  5236 | D:7      | Killed Menkaure
  5246 | D:7      | Gained mutation: You passively map the area around you. [Deep Dwarf growth]
  5246 | D:7      | Reached XP level 9. HP: 42/78 MP: 3/3
  5582 | D:7      | Reached skill level 6 in Shields
  5595 | D:7      | Reached * piety under Makhleb
  6522 | D:8      | Noticed a two-headed ogre
  6546 | D:8      | Killed a two-headed ogre
  6546 | D:8      | Reached skill level 5 in Fighting
  6546 | D:8      | Reached skill level 7 in Shields
  6546 | D:8      | Reached XP level 10. HP: 51/88 MP: 4/4
  6631 | D:8      | Noticed Prince Ribbit
  6745 | D:8      | Killed Prince Ribbit
  6810 | D:9      | Reached ** piety under Makhleb
  7066 | D:9      | HP: 3/88 [orc warrior/halberd (19)]
  7095 | D:10     | Entered Level 10 of the Dungeon
  7109 | D:9      | Noticed a two-headed ogre
  7122 | D:9      | Killed a two-headed ogre
  7238 | D:9      | Found Famoplas's Weapon Shop.
  7453 | D:9      | Found a glowing silver altar of Zin.
  7780 | D:4      | Killed olverbman's ghost
  8082 | D:4      | Bought the +1 hand axe of Honesty {freeze, Str+4 Dex+2} for 420 gold pieces
  8179 | D:11     | Noticed a catoblepas
  8410 | D:10     | Noticed a two-headed ogre
  8430 | D:10     | HP: 1/91 [two-headed ogre/giant spiked club (23)]
  8441 | D:10     | Killed a two-headed ogre
  8519 | D:11     | Reached XP level 11. HP: 63/97 MP: 3/3
  8551 | D:11     | Noticed a two-headed ogre
  8562 | D:11     | Killed a two-headed ogre
  8562 | D:11     | Reached skill level 8 in Shields
  8741 | D:10     | Reached *** piety under Makhleb
  8874 | D:10     | Identified the cursed +1 hunting sling "Uhoym" {velocity, rPois Int+3} (You found it on level 5 of the Dungeon)
  8883 | D:10     | Noticed an unseen horror
  8901 | D:10     | Killed an unseen horror
  8986 | D:10     | Found a bloodstained altar of Trog.
  9378 | D:11     | Noticed a white ugly thing
  9401 | D:11     | Killed a white ugly thing
  9704 | D:12     | Noticed a four-headed hydra
  9797 | D:11     | Killed a catoblepas
  9854 | D:11     | Found a staircase to the Lair.
  9864 | D:11     | Reached skill level 15 in Axes
  9884 | D:11     | Reached skill level 9 in Shields
 10211 | D:12     | Reached **** piety under Makhleb
 10458 | D:12     | Reached skill level 1 in Evocations
 10474 | D:12     | Reached XP level 12. HP: 84/109 MP: 4/4
 10632 | D:12     | Found a staircase to the Orcish Mines.
 10803 | D:12     | Killed a six-headed hydra
 10931 | D:13     | Noticed a six-headed hydra
 10957 | D:13     | Killed a six-headed hydra
 11018 | D:13     | Reached skill level 10 in Shields
 11118 | D:13     | Noticed a two-headed ogre
 11139 | D:13     | Killed a two-headed ogre
 11307 | D:13     | Noticed a centaur warrior
 11318 | D:13     | Killed a centaur warrior
 11395 | D:13     | Reached ***** piety under Makhleb
 11467 | D:14     | Reached skill level 5 in Evocations
 11913 | D:13     | Noticed a five-headed hydra
 11916 | D:13     | Reached skill level 10 in Armour
 11934 | D:13     | Killed a five-headed hydra
 12313 | Lair:1   | Entered Level 1 of the Lair of Beasts
 12519 | Lair:1   | Noticed an eight-headed hydra
 12529 | Lair:1   | Killed an eight-headed hydra
 12538 | Lair:1   | Reached skill level 1 in Invocations
 12557 | Lair:1   | Reached XP level 13. HP: 106/118 MP: 8/8
 12713 | Lair:1   | Reached skill level 11 in Shields
 12725 | Lair:1   | Reached skill level 1 in Maces & Flails
 13437 | Lair:2   | Found a frozen archway.
 13446 | IceCv    | Entered an ice cave
 13623 | IceCv    | Found an ancient bone altar of Kikubaaqudgha.
 14304 | Lair:2   | Found a staircase to the Swamp.
 14656 | Lair:3   | Reached skill level 5 in Invocations
 14663 | Lair:3   | Found a staircase to the Snake Pit.
 14755 | Lair:3   | Reached ****** piety under Makhleb
 15402 | Lair:3   | Noticed Urug
 15448 | Lair:3   | Killed Urug
 15530 | Lair:3   | Reached skill level 12 in Shields
 15743 | Snake:1  | Entered Level 1 of the Snake Pit
 16123 | Lair:4   | Gained mutation: You resist negative energy. (rN+) [Deep Dwarf growth]
 16123 | Lair:4   | Reached XP level 14. HP: 76/129 MP: 3/3
 17715 | Lair:5   | Found an opulent altar of Gozag.
 17881 | Lair:5   | Reached skill level 10 in Fighting
 18077 | Lair:6   | Entered Level 6 of the Lair of Beasts
 18147 | Lair:6   | Reached skill level 5 in Maces & Flails
 18181 | Lair:6   | Paralysed by a hornet for 1 turns
 18185 | Lair:6   | Paralysed by a hornet for 1 turns
 18798 | Lair:6   | Found a staircase to the Slime Pits.
 19558 | Slime:1  | Entered Level 1 of the Pits of Slime
 19558 | Slime:1  | Noticed an azure jelly
 19565 | Lair:6   | Reached skill level 13 in Shields
 19614 | Lair:6   | Killed an azure jelly
 19765 | Slime:1  | Gained mutation: You are clumsy. (Dex -2) [a shining eye]
 19772 | Slime:1  | Gained mutation: You expend magic power (3 MP) to strengthen your wands. [a shining eye]
 20218 | Slime:1  | Reached skill level 14 in Shields
 20350 | Slime:3  | Noticed an acid blob
 20404 | Slime:3  | Reached XP level 15. HP: 140/140 MP: 4/4
 21284 | Orc:1    | Entered Level 1 of the Orcish Mines
 21410 | Orc:1    | Found Imuliq's Assorted Antiques.
 21572 | Orc:2    | Entered Level 2 of the Orcish Mines
 21843 | Orc:2    | Noticed an orc warlord
 21897 | Orc:1    | Killed an orc warlord
 22081 | Orc:2    | Reached skill level 15 in Shields
 22191 | Orc:2    | Found a roughly hewn altar of Beogh.
 22271 | Orc:2    | Found Yptoode's Antique Armour Emporium.
 22290 | Orc:2    | Found Antuenen's General Store.
 22295 | Orc:2    | Found Qune's Antique Weapon Emporium.
 22307 | Orc:2    | Found a roughly hewn altar of Beogh.
 22388 | Orc:2    | Found a staircase to the Elven Halls.
 22539 | Orc:2    | Found an iron altar of Okawaru.
 22589 | Orc:2    | Bought a scroll of vulnerability for 97 gold pieces
 22589 | Orc:2    | Bought a potion of heal wounds for 65 gold pieces
 22623 | Orc:2    | Bought a twisted broad axe for 234 gold pieces
 22625 | Orc:2    | Identified the +4 broad axe "Gomepes" {chop, rC+ Str+4 Dex+6} (You bought it in a shop on level 2 of the Orcish Mines)
 22652 | Orc:2    | Found Ugraedagh's Jewellery Emporium.
 22659 | Orc:2    | Bought the ring "Osafithry" {rElec rC+ Str+4} for 521 gold pieces
 23018 | Elf:1    | Entered Level 1 of the Elven Halls
 23129 | Elf:1    | Noticed an Ice Fiend
 23195 | Elf:1    | Noticed a Brimstone Fiend
 23518 | D:14     | Reached skill level 16 in Shields
 24319 | Elf:1    | Learned a level 2 spell: Blink
 24374 | Elf:1    | Noticed Nikola
 24680 | D:14     | Found a gate to the Vaults.
 24704 | D:14     | Reached skill level 17 in Shields
 25013 | D:15     | Entered Level 15 of the Dungeon
 25338 | Elf:1    | Killed Nikola
 25358 | Elf:1    | Noticed Louise
 25410 | Elf:1    | Killed Louise
 25517 | Elf:1    | Learned a level 1 spell: Apportation
 25912 | Elf:2    | Reached XP level 16. HP: 86/147 MP: 4/4
 25919 | Elf:2    | Reached skill level 1 in Translocations
 25983 | Elf:2    | Reached skill level 18 in Shields
 25991 | Elf:2    | Reached skill level 1 in Spellcasting
 26037 | Elf:2    | Found an ancient bone altar of Kikubaaqudgha.
 26047 | Elf:2    | Found a portal to a secret trove of treasure.
 26130 | Elf:2    | Got a fine shield
 26141 | Elf:2    | Identified the +1 shield of Leaf {-Cast +Inv Slay+3} (You found it on level 2 of the Elven Halls)
 26171 | Elf:2    | Found a runed door.
 26180 | Elf:2    | Found a runed door.
 26314 | Elf:2    | Noticed a deep elf blademaster
 26346 | Elf:2    | Killed a deep elf blademaster
 26393 | Elf:2    | Reached skill level 5 in Translocations
 26998 | Elf:3    | Entered Level 3 of the Elven Halls
 27159 | Elf:3    | Noticed Saint Roka
 27187 | Elf:3    | Killed Saint Roka
 27711 | Elf:3    | Found Namienk's Book Shop.
 27802 | Elf:3    | Noticed a deep elf blademaster
 27803 | Elf:3    | Noticed a deep elf blademaster
 27822 | Elf:3    | Killed a deep elf blademaster
 27822 | Elf:3    | Reached XP level 17. HP: 129/154 MP: 5/5
 27866 | Elf:3    | Noticed Jorgrun
 27899 | Elf:3    | Cast into level 2 of the Abyss (a deep elf sorcerer)
 28132 | Abyss:2  | Gained mutation: Your body sometimes deteriorates upon taking damage. [a neqoxec]
 28239 | Abyss:2  | Gained mutation: You tend to lose your temper in combat. [a neqoxec]
 28344 | Abyss:2  | Paralysed by accursed screaming for 1 turns
 28429 | Abyss:2  | Noticed a bone dragon
 28447 | Abyss:2  | Killed a bone dragon
 28447 | Abyss:2  | Reached skill level 10 in Invocations
 28589 | Abyss:2  | Gained mutation: You are frail. (-10% HP) [a neqoxec]
 28590 | Abyss:2  | Gained mutation: You are weak. (Str -2) [a neqoxec]
 28611 | Abyss:2  | Reached skill level 15 in Armour
 28784 | Abyss:2  | Gained mutation: Your magical capacity is very low. (-20% MP) [a neqoxec]
 28786 | Abyss:2  | Gained mutation: Your body often deteriorates upon taking damage. [a neqoxec]
 28826 | Abyss:2  | Noticed a lich
 28835 | Abyss:2  | Killed a lich
 28945 | Abyss:2  | Gained mutation: You passively map a large area around you. [Deep Dwarf growth]
 28945 | Abyss:2  | Reached XP level 18. HP: 72/146 MP: 1/5
 28996 | Elf:3    | Escaped the Abyss
 29029 | Elf:3    | Killed Jorgrun
 29055 | Elf:3    | Reached skill level 10 in Translocations
 29077 | Elf:3    | HP: 5/149 [deep elf master archer/arrow (18)]
 29078 | Elf:3    | Shot with an arrow by a deep elf master archer

Skill      XL: |  1  2  3  4  5  6  7  8  9 10 11 12 13 14 15 16 17 18 |
---------------+-------------------------------------------------------+-----
Axes           | 3 4 5 6 8 10 12 13 15 17 | 17.6
Fighting       | 3 4 5 7 8 9 10 11 | 11.7
Armour         | 4 5 6 7 9 10 11 12 13 15 16 | 16.1
Shields        | 4 5 7 9 10 12 14 17 18 | 18.0
Evocations     | 1 5 |  5.0
Invocations    | 1 6 8 11 | 11.8
Maces & Flails | 4 5 |  5.8
Translocations | 7 9 10 | 10.0
Spellcasting   | 2 |  2.0
Polearms       | |  0.9

Action                   |  1- 3 |  4- 6 |  7- 9 | 10-12 | 13-15 | 16-18 || total
-------------------------+-------+-------+-------+-------+-------+-------++-------
Melee: War axe           |   145 |   189 |   427 |   186 |   223 |       ||  1170
       Whip              |       |       |    31 |    64 |   259 |       ||   354
       Hand axe          |       |       |       |   925 |  1329 |       ||  2254
       Flail             |       |       |       |     5 |   156 |       ||   161
       Halberd           |       |       |       |       |    13 |       ||    13
       Broad axe         |       |       |       |       |   377 |   878 ||  1255
Invok: Lesser Servant of |       |       |       |       |     9 |       ||     9
 Abil: Heal Wounds       |       |     2 |    13 |    17 |    39 |     3 ||    74
Evoke: Wand              |       |       |       |     4 |     6 |     7 ||    17
  Use: Scroll            |       |     6 |     2 |    10 |    19 |     3 ||    40
       Potion            |       |       |     1 |       |    21 |     9 ||    31
 Stab: Distracted        |       |       |       |       |     4 |       ||     4
       Confused          |       |       |       |       |       |     2 ||     2
       Paralysed         |       |       |       |       |       |     2 ||     2
  Eat: Chunk             |     1 |     6 |     8 |    17 |    23 |     8 ||    63
       Ration            |       |     1 |     1 |     2 |     7 |     1 ||    12
Armor: Scale mail        |    76 |    69 |    45 |       |       |       ||   190
       Plate armour      |       |       |   172 |   406 |   999 |   266 ||  1843
       Ring mail         |       |       |       |       |    30 |       ||    30
       Acid dragon scale |       |       |       |       |     1 |       ||     1
Dodge: Dodged            |    48 |    48 |   110 |   169 |   451 |    99 ||   925
Block: Shield            |    93 |   120 |   276 |   560 |   285 |   428 ||  1762
       Large shield      |       |       |       |       |   834 |    81 ||   915
       Buckler           |       |       |       |       |   114 |       ||   114
       Reflection        |       |       |       |       |    43 |    15 ||    58
